 Dungeon Crawl Stone Soup version 0.18-b1-22-ge198996 (webtiles) character file.

200 graki42 the Sneak (level 5, 19/28 HPs)
             Began as a Deep Elf Enchanter on May 4, 2016.
             Quit the game on level 3 of the Dungeon.
             The game lasted 00:09:48 (1542 turns).

graki42 the Sneak (Deep Elf Enchanter)              Turns: 1542, Time: 00:09:49

Health: 19/28      AC: 10    Str:  5    XL:     5   Next: 48%
Magic:  14/14      EV: 13    Int: 20    God:
Gold:   116        SH:  0    Dex: 20    Spells: 3 memorised, 7 levels left

rFire  . . .     SeeInvis .     a - +1 dagger
rCold  . . .     Gourm    .     o - +0 leather armour (curse)
rNeg   . . .     Faith    .     (no shield)
rPois  .         Spirit   .     j - +0 helmet
rElec  .         Dismiss  .     (no cloak)
rCorr  .         Reflect  .     (no gloves)
SustAt .         Harm     .     (no boots)
MR     .....                    (no amulet)
Stlth  +++.......               k - +6 ring of protection
                                l - +4 ring of dexterity

@: not resistant to hostile enchantments, fairly stealthy
A: no striking features
a: no special abilities


You were on level 3 of the Dungeon.
You were not hungry.

You visited 1 branch of the dungeon, and saw 3 of its levels.

You collected 116 gold pieces.

Inventory:

Hand Weapons
 a - a +1 dagger (weapon)
Armour
 b - a +1 robe
 j - a +0 helmet (worn)
 o - a cursed +0 leather armour (worn)
Jewellery
 k - a +6 ring of protection (right hand)
 l - a +4 ring of dexterity (left hand)
Wands
 p - a wand of iceblast (9/15)
Scrolls
 e - 2 scrolls of identify {unknown}
 g - a scroll of random uselessness {unknown}
 i - a scroll of remove curse {unknown}
 m - a scroll of noise {unknown}
 n - a scroll of teleportation {unknown}
 s - a scroll of recharging {unknown}
Potions
 q - a potion of berserk rage {unknown}
 r - a potion of lignification
Books
 c - a book of Maledictions

   Spells                             Type                      Level
   a - Corona                         Hexes                        1
   b - Ensorcelled Hibernation        Hexes/Ice                    2
   c - Confuse                        Hexes                        3
   d - Tukima's Dance                 Hexes                        3
   e - Dazzling Spray                 Conjuration/Hexes            3
Comestibles
 d - 3 bread rations
 f - a meat ration
 h - 2 fruits
 t - a chunk of flesh


   Skills:
 + Level 0.2 Fighting
 + Level 1.6 Short Blades
 + Level 0.1 Armour
 + Level 3.3 Dodging
 + Level 5.3 Stealth
 + Level 4.9 Spellcasting
 + Level 4.8 Hexes
 + Level 0.2 Ice Magic


You had 7 spell levels left.
You knew the following spells:

 Your Spells              Type           Power        Failure   Level  Hunger
a - Corona                Hex            ###....      2%          1    None
b - Ensorcelled Hibernat  Hex/Ice        ###...       12%         2    #......
c - Confuse               Hex            ###.....     10%         3    ##.....


Dungeon Overview and Level Annotations

Branches:
Dungeon (3/15)

Altars:
Nemelex Xobeh
Zin

Shops:
D:2 *

Annotations:
D:3 Wingboner's ghost, amateur DsWn


Message History

You miss the bat.
The bat is severely wounded.
The bat barely misses you. The bat completely misses you.
You hit the bat.
You kill the bat!
You see here a bat corpse.
Things that are here:
an enchanted club; a robe; the human corpse of Jessica You now have 116 gold pieces (gained 12).
There is a stone staircase leading up here.
An orc priest comes into view.
Found 21 gold pieces.
An orc priest comes into view. It is wielding a mace.
The orc priest shouts!
The orc priest picks up some gold.
The orc priest looks braver for a moment.
Found 14 gold pieces.
A goblin comes into view.
Are you sure you want to abandon this character and quit the game? (Confirm with "yes".)

'...........)......
#.......#######..##
#.......########.#
####.............## #
#.###########.## $.. #.#
#.# #..# 8.8.#
#.#######.# ##[#
o$o.'.####.........####.#
#...@..######........
#..###.# #......#.
#g$.###<######......#.
....##.......##......#.
###.. +.......'...######
### #.......###.# #
#....)..# ### # #....†[.#
# #.......# #


You could see an orc priest and a goblin (wandering).

Vanquished Creatures
  An ice beast (D:3)
  Jessica (D:3)
  3 adders
  3 worms
  A dart slug (D:3)
  A giant gecko (D:2)
  4 giant cockroaches
  7 goblins
  4 hobgoblins
  4 jackals (D:2)
  3 kobolds
  7 bats
  5 rats
44 creatures vanquished.

Notes
Turn   | Place    | Note
--------------------------------------------------------------
     0 | D:1      | graki42 the Deep Elf Enchanter began the quest for the Orb.
     0 | D:1      | Reached XP level 1. HP: 10/10 MP: 6/6
   339 | D:1      | Reached XP level 2. HP: 12/15 MP: 5/8
   420 | D:1      | Learned a level 2 spell: Ensorcelled Hibernation
   779 | D:2      | Found a sparkling altar of Nemelex Xobeh.
   798 | D:2      | Reached XP level 3. HP: 11/19 MP: 5/10
   837 | D:2      | Reached skill level 4 in Stealth
   926 | D:2      | Learned a level 3 spell: Confuse
  1024 | D:2      | Found Zin's Purification Station.
  1025 | D:2      | Found a glowing silver altar of Zin.
  1371 | D:3      | Noticed an ice beast
  1392 | D:3      | Noticed Wingboner's ghost (amateur DsWn)
  1408 | D:3      | Killed an ice beast
  1408 | D:3      | Reached XP level 4. HP: 7/24 MP: 6/12
  1408 | D:3      | Reached XP level 5. HP: 8/28 MP: 6/13
  1472 | D:3      | Reached skill level 5 in Stealth
  1518 | D:3      | Noticed Jessica
  1522 | D:3      | Killed Jessica
  1542 | D:3      | Quit the game

Skill      XL: |  1  2  3  4  5 |
---------------+----------------+-----
Stealth        | 4 5 |  5.3
Dodging        | 3 |  3.3
Spellcasting   | 4 |  4.9
Fighting       | |  0.2
Short Blades   | |  1.6
Armour         | |  0.1
Hexes          | |  4.8
Ice Magic      | |  0.2

Action                   |  1- 3 |  4- 6 || total
-------------------------+-------+-------++-------
Melee: Dagger            |   154 |    16 ||   170
 Cast: Corona            |    24 |       ||    24
       Ensorcelled Hiber |     8 |     3 ||    11
       Confuse           |     3 |     1 ||     4
  Use: Potion            |     1 |       ||     1
 Stab: Sleeping          |    15 |     5 ||    20
       Confused          |     3 |     1 ||     4
  Eat: Chunk             |     2 |     1 ||     3
Armor: Robe              |    16 |       ||    16
       Leather armour    |    16 |     2 ||    18
       Skin              |    68 |       ||    68
Dodge: Dodged            |    92 |     8 ||   100
